 Dungeon Crawl Stone Soup version 0.28.0-53-g5a82cb258f (webtiles) character file.

Game seed: 3200491781724356862

101 issech the Chopper (level 4, -3/41 HPs)
             Began as a Minotaur Monk on June 5, 2022.
             Killed by divine providence
             ... invoked by an orc priest
              (13 damage)
             ... on level 3 of the Dungeon.
             The game lasted 00:04:41 (1795 turns).

issech the Chopper (Minotaur Monk)                  Turns: 1795, Time: 00:04:41

Health: -3/41      AC: 13    Str: 15    XL:     4   Next: 48%
Magic:  3/3        EV:  5    Int:  7    God:
Gold:   111        SH:  0    Dex: 15    Spells: 3/3 levels left

rFire   . . .      SeeInvis .   a - +0 hand axe
rCold   . . .      Faith    .   (no shield)
rNeg    . . .      Spirit   .   u - +0 plate armour
rPois   .          Reflect  .   (helmet restricted)
rElec   .          Harm     .   (no cloak)
rCorr   .          Rampage  .   (no gloves)
Will    .....                   q - +2 pair of boots
Stlth   ..........              (no amulet)
HPRegen 0.13/turn               (no ring)
MPRegen 0.08/turn               (no ring)

@: no status effects
A: horns 2, retaliatory headbutt
a: no special abilities


You were on level 3 of the Dungeon.
You visited 1 branch of the dungeon, and saw 3 of its levels.

You collected 111 gold pieces.

Inventory:

Hand Weapons
 a - a +0 hand axe (weapon)
Missiles
 c - 71 stones (quivered)
 g - 12 poisoned darts
 j - 25 arrows
Armour
 b - a +0 robe
 i - a +0 leather armour
 l - a +0 ring mail
 q - a +2 pair of boots (worn)
 u - a +0 plate armour (worn)
Scrolls
 d - 3 scrolls of identify {unknown}
 h - a scroll of magic mapping {unknown}
 m - a scroll of immolation {unknown}
 o - a scroll of blinking {unknown}
 p - 2 scrolls of teleportation {unknown}
 t - a scroll of noise {unknown}
Potions
 e - a potion of ambrosia {unknown}
 f - a potion of invisibility {unknown}
 k - a potion of attraction {unknown}
 n - a potion of flight {unknown}
 r - a potion of curing {unknown}
 s - a potion of brilliance {unknown}


   Skills:
 + Level 4.4 Fighting
 + Level 4.8 Axes
 + Level 1.5 Armour
 + Level 3.9 Dodging
 + Level 1.8 Stealth


You had 3 spell levels left.
You didn't know any spells.
Your spell library contained the following spells:

 Spells                   Type           Power      Damage    Failure   Level
 Magic Dart               Conj           0%         1d3       100%        1
 Pain                     Necr           0%         1d4       100%        1
 Slow                     Hex            0%         N/A       100%        1
 Scorch                   Fire           0%         2d5       100%        2
 Searing Ray              Conj           0%         2d4       100%        2
 Confusing Touch          Hex            0%         N/A       100%        3
 Vampiric Draining        Necr           0%         2d6       100%        3
 Flame Wave               Conj/Fire      0%         2d4       100%        4
 Fulminant Prism          Conj/Hex       0%         3d6       100%        4
 Agony                    Necr           0%         N/A       100%        5
 Excruciating Wounds      Necr           0%         N/A       100%        5
 Summon Cactus Giant      Summ           0%         N/A       100%        6


Dungeon Overview and Level Annotations

Branches:
Dungeon (3/15)

Altars:


Innate Abilities, Weirdness & Mutations

You have a pair of horns on your head.
You reflexively headbutt those who attack you in melee.


Message History

The orc priest hits you with a +0 club.
You hit the orc priest.
The orc priest is severely wounded.
The goblin shoots a stone.
The stone hits you but does no damage.
The orc priest hits you but does no damage.
You closely miss the orc priest.
The orc priest is severely wounded.
The goblin shoots a stone.
The stone hits you but does no damage.
The orc priest hits you but does no damage.
You hit the orc priest but do no damage.
The orc priest is severely wounded.
The goblin shoots a stone.
The stone hits you but does no damage.
The orc priest hits you but does no damage.
You hit the orc priest but do no damage.
Your headbutt misses the orc priest.
The orc priest is severely wounded.
The goblin shoots a stone.
The stone barely misses you.
The orc priest casts a cantrip, but nothing happens.
You closely miss the orc priest.
The orc priest is severely wounded.
The goblin shoots a stone.
The stone hits you.
The orc priest mumbles some strange prayers to Beogh against you.
Beogh smites you!
* * * LOW HITPOINT WARNING * * *
The goblin shoots a stone.
The stone hits you.
* * * LOW HITPOINT WARNING * * *
You barely miss the orc priest.
You headbutt the orc priest, but do no damage.
The orc priest is severely wounded.
The orc priest miscasts a cantrip.
The goblin shoots a stone.
The stone hits you but does no damage.
You barely miss the orc priest. You headbutt the orc priest.
The orc priest is almost dead.
The orc priest barely misses you.
The goblin shoots a stone.
The stone hits you but does no damage.
You barely miss the orc priest.
The orc priest is almost dead.
The orc priest mumbles some strange prayers to Beogh against you.
Beogh smites you!
You die...

#####
####g#.#
......# #...#
#...# #.)@#
#..o#####
#.......#
#..####.#
#).#..#
#######.^#..#
.........#..#
......##.#..#
...... #.#<.#


You could see an orc priest and a goblin.

Vanquished Creatures
  An orc priest (D:3)
  An adder (D:2)
  A worm (D:2)
  3 orcs
  6 ball pythons
  5 endoplasms
  9 giant cockroaches
  2 goblins
  2 hobgoblins
  4 jackals (D:2)
  8 kobolds
  2 quokkas
  2 bats (D:1)
  3 frilled lizards (D:1)
  4 rats
53 creatures vanquished.

Notes
Turn   | Place    | Note
-------+----------+-------------------------------------------
     0 | D:1      | issech the Minotaur Monk began the quest for the Orb.
     0 | D:1      | Reached XP level 1. HP: 19/19 MP: 0/0
   125 | D:1      | Reached XP level 2. HP: 23/27 MP: 1/1
   413 | D:1      | Found a faded altar of an unknown god.
   828 | D:2      | Reached XP level 3. HP: 33/33 MP: 2/2
  1063 | D:2      | Reached skill level 1 in Armour
  1327 | D:2      | Reached XP level 4. HP: 40/40 MP: 3/3
  1795 | D:3      | Killed from afar by an orc priest

Illustrated notes

Levels and vault maps discovered:
D:1:      saegor_arrival_simple_b, layout_rooms, nicolae_ecumenical_lake_church
D:2:      minmay_roachtagon, layout_basic
D:3:      layout_basic, uniq_jessica

Skill      XL: |  1  2  3 |
---------------+----------+-----
Fighting       | 4 |  4.4
Axes           | 4 |  4.8
Armour         | 1 |  1.5
Dodging        | |  3.9
Stealth        | |  1.8

Action                   |  1- 3 |  4- 6 || total
-------------------------+-------+-------++-------
Melee: Hand axe          |   104 |    26 ||   130
       Headbutt          |    14 |     7 ||    21
       Punch             |     2 |       ||     2
Armor: Robe              |     7 |       ||     7
       Ring mail         |    37 |       ||    37
       Plate armour      |     4 |    27 ||    31
Dodge: Dodged            |    95 |     7 ||   102
